Connexion

ANAHEIM Ducks vs EDMONTON Oilers (R2)

Created - 29 février 2024 at 05:49

Goals
1 2 3 T
ANAHEIM Ducks 0 0 0 0
EDMONTON Oilers 1 0 2 3
Shots
1 2 3 T
ANAHEIM Ducks 9 7 8 24
EDMONTON Oilers 14 14 12 40

GoalsPenalties
1st period
1. EDMONTON Oilers , Tony DeAngelo 23 (Mackenzie Entwistle 12, Roman Josi 47) at 19:37
Justin Holl (ANA) for Hooking (Minor) at 1:06
David Savard (ANA) for Holding (Minor) at 2:47
Alexander Romanov (EDM) for Boarding (Minor) at 8:45
2nd period
No Goal
David Savard (ANA) for Holding (Minor) at 9:12
Alexander Romanov (EDM) for Tripping (Minor) at 11:17
Jake Evans (ANA) for Slashing (Minor) at 13:29
Jordan Oesterle (ANA) for Tripping (Minor) at 17:16
Kaapo Kahkonen (ANA) for Attempt to injure (Major / Game Misconduct) at 17:28 - Gemel Smith served the penalty.
3rd period
2. EDMONTON Oilers , Roman Josi 20 (Nikolaj Ehlers 53) at 1:44 (PP)
3. EDMONTON Oilers , Clayton Keller 31 (Mitch Marner 42, Tony DeAngelo 51) at 13:46
Alexander Romanov (EDM) for Tripping (Minor) at 4:20
Kiefer Sherwood (ANA) for Roughing (Minor) at 10:32
Goalie Stats
Kaapo Kahkonen (ANA), 26 saves from 27 shots - (0,963), L, 7-17-5, 37:28 minutes
Robin Lehner (ANA), 11 saves from 13 shots - (0,846), 22:32 minutes
Juuse Saros (EDM), 24 saves from 24 shots - (1,000), W, 32-16-7, 60:00 minutes
3 StarsOfficial
1 - Juuse Saros (EDM)
2 - Tony DeAngelo (EDM)
3 - Roman Josi (EDM)
Referees : Dennis LaRue and Chris Rooney
Linesman : Scott Driscoll and Lonnie Cameron
Game Note
Kaapo Kahkonen ejected from game at 17:28 of 2nd period
Robin Lehner enters game at 17:28 of 2nd period
Finance
Level 1 -- Attendance: 6000 (100,00%) -- Ticket Income $720,000
Level 2 -- Attendance: 3687 (96,04%) -- Ticket Income $376,074
Level 3 -- Attendance: 2000 (100,00%) -- Ticket Income $102,000
Level 4 -- Attendance: 3437 (85,93%) -- Ticket Income $137,480
Luxury Box -- Attendance: 946 (94,60%) -- Ticket Income $227,040
Game was played at the Rexall Place.
Total Attendance: 16070 (95,43%)
Total Ticket Income: $1,562,594
Other Income: $312,519
Total Income: $1,875,113



Team Name Goals Shots Shots Attemp Shots Blocked PIM HIT PP PK FO%
ANAHEIM Ducks 024421527320 / 3 (0%)146%
EDMONTON Oilers 3408796171 / 8 (13%)054%

ANAHEIM Ducks
Player Name POS G A P +/- PIM HIT SHT SB MP PP MP PP SHT PK MP PK SHT FO% FOT
Alexis LafreniereLW0000011014:272:3800:0000% 1
Andrew MangiapaneLW000-2013117:103:1910:00050% 2
Anthony BeauvillierC/LW0000042019:272:3808:01050% 8
Caleb JonesD000-2000225:362:3808:1400% 0
Calvin ThurkaufC/LW000001106:030:0001:1600% 1
Dakota JoshuaC0000021011:060:0002:18048% 21
David SavardD000-2492222:382:3825:1700% 0
Dylan DemeloD0000010214:440:0004:0400% 0
Elias LindholmC/RW000-2005016:292:3810:00050% 18
Evan RodriguesC/LW/RW0000020015:083:1900:00045% 20
Fabian ZetterlundC/LW/RW000000108:480:0000:0000% 3
Gemel SmithC/LW/RW0000032017:220:0005:33060% 10
Gustav ForslingD0000011423:123:1906:0200% 0
Jake EvansC/RW0000211011:040:0006:18046% 13
Jordan OesterleD0000220011:480:0001:0900% 0
Justin HollD0000200421:583:1904:4900% 0
Kiefer SherwoodC/LW/RW000-2234021:143:1924:0500% 0
Mathias LaferriereRW000001004:470:0000:0000% 1
EDMONTON Oilers
Player Name POS G A P +/- PIM HIT SHT SB MP PP MP PP SHT PK MP PK SHT FO% FOT
Alexander RomanovD0000600110:000:0000:0000% 0
Arthur KaliyevRW0000050012:120:0002:580100% 1
Casey CizikasC000100001:400:0000:00067% 3
Clayton KellerC/LW/RW1011004021:567:3300:00050% 2
Colton ParaykoD0000000012:410:0002:3800% 0
Dylan StromeC0000011024:127:1512:59050% 8
Jack QuinnRW0000023012:130:0002:5900% 0
Joachim BlichfeldLW/RW000100101:400:0000:0000% 0
Mackenzie EntwistleRW011101001:400:0000:0000% 1
Mitch MarnerRW0111002021:567:3310:000100% 1
Nico HischierC0001003121:567:3300:00065% 31
Nikolaj EhlersLW0110028021:137:1530:0000% 0
Oliver Ekman-LarssonD0000023323:356:4832:3800% 0
Rasmus SandinD0000002020:576:4820:0000% 0
Roman Josi D1122016326:228:0053:1900% 0
Ryan O'ReillyC/LW0000011024:117:1512:58045% 40
Tony DeAngeloD1122025126:228:0023:1910% 0
Yegor SharangovichC/LW000000109:140:0000:00055% 11



Play-by-Play

1st period


0:01 of 1st period - Andrew Mangiapane wins face-off versus Ryan O'Reilly in neutral zone.
0:26 of 1st period - Shot by Ryan O'Reilly.
0:26 of 1st period - Deflect By Nikolaj Ehlers.
0:26 of 1st period - Shot Blocked by David Savard.
0:28 of 1st period - Shot by Dylan Strome.
0:28 of 1st period - Deflect By Nikolaj Ehlers.
0:28 of 1st period - Stopped by Kaapo Kahkonen without a rebound.
0:29 of 1st period - Nico Hischier wins face-off versus Evan Rodrigues in ANAHEIM Ducks zone.
0:55 of 1st period - Icing by Gustav Forsling.
0:56 of 1st period - Evan Rodrigues wins face-off versus Yegor Sharangovich in ANAHEIM Ducks zone.
1:03 of 1st period - Shot by Yegor Sharangovich.
1:03 of 1st period - Shot Blocked by Gustav Forsling.
1:05 of 1st period - Shot by Jack Quinn.
1:05 of 1st period - Shot Misses the Net.
1:06 of 1st period - Minor Penalty to Justin Holl for Hooking.
1:07 of 1st period - Gemel Smith wins face-off versus Ryan O'Reilly in ANAHEIM Ducks zone.
1:32 of 1st period - Shot by Roman Josi .
1:32 of 1st period - Shot Blocked by Caleb Jones.
1:34 of 1st period - Shot by Roman Josi .
1:34 of 1st period - Stopped by Kaapo Kahkonen without a rebound.
1:35 of 1st period - Gemel Smith wins face-off versus Nico Hischier in ANAHEIM Ducks zone.
2:16 of 1st period - Shot by Mitch Marner.
2:16 of 1st period - Shot Blocked by Dylan Demelo.
2:18 of 1st period - Shot by Clayton Keller.
2:18 of 1st period - Shot Misses the Net.
2:20 of 1st period - Shot by Oliver Ekman-Larsson.
2:20 of 1st period - Stopped by Kaapo Kahkonen without a rebound.
2:21 of 1st period - Ryan O'Reilly wins face-off versus Jake Evans in ANAHEIM Ducks zone.
2:22 of 1st period - Shot by Roman Josi .
2:22 of 1st period - Shot Blocked by David Savard.
2:47 of 1st period - Minor Penalty to David Savard for Holding.
2:48 of 1st period - Nico Hischier wins face-off versus Dakota Joshua in ANAHEIM Ducks zone.
2:49 of 1st period - Shot by Roman Josi .
2:49 of 1st period - Shot Misses the Net.
2:51 of 1st period - Shot by Tony DeAngelo.
2:51 of 1st period - Shot Misses the Net.
3:31 of 1st period - Ryan O'Reilly is hit by Anthony Beauvillier.
3:49 of 1st period - Shot by Dylan Strome.
3:49 of 1st period - Stopped by Kaapo Kahkonen without a rebound.
3:50 of 1st period - Jake Evans wins face-off versus Ryan O'Reilly in ANAHEIM Ducks zone.
4:03 of 1st period - Jake Evans is hit by Dylan Strome and loses puck.
5:16 of 1st period - Shot by Andrew Mangiapane.
5:16 of 1st period - Deflect By Kiefer Sherwood.
5:16 of 1st period - Stopped by Juuse Saros without a rebound.
5:17 of 1st period - Jake Evans wins face-off versus Clayton Keller in EDMONTON Oilers zone.
5:28 of 1st period - Shot by Clayton Keller.
5:28 of 1st period - Stopped by Kaapo Kahkonen without a rebound.
5:29 of 1st period - Casey Cizikas wins face-off versus Fabian Zetterlund in ANAHEIM Ducks zone.
5:39 of 1st period - Rasmus Sandin is hit by Dakota Joshua and loses puck.
5:57 of 1st period - Mackenzie Entwistle is hit by David Savard and loses puck.
6:02 of 1st period - Shot by Casey Cizikas.
6:02 of 1st period - Shot Blocked by Caleb Jones.
6:04 of 1st period - Shot by Joachim Blichfeld.
6:04 of 1st period - Stopped by Kaapo Kahkonen without a rebound.
6:05 of 1st period - Evan Rodrigues wins face-off versus Ryan O'Reilly in ANAHEIM Ducks zone.
6:21 of 1st period - Off-side.
6:22 of 1st period - Nico Hischier wins face-off versus Elias Lindholm in neutral zone.
6:29 of 1st period - Shot by Clayton Keller.
6:29 of 1st period - Deflect By Nico Hischier.
6:29 of 1st period - Stopped by Kaapo Kahkonen without a rebound.
6:30 of 1st period - Elias Lindholm wins face-off versus Ryan O'Reilly in ANAHEIM Ducks zone.
6:30 of 1st period - Elias Lindholm is hit by Nikolaj Ehlers.
7:28 of 1st period - Off-side.
7:29 of 1st period - Nico Hischier wins face-off versus Dakota Joshua in neutral zone.
8:45 of 1st period - Minor Penalty to Alexander Romanov for Boarding.
8:46 of 1st period - Evan Rodrigues wins face-off versus Ryan O'Reilly in EDMONTON Oilers zone.
9:21 of 1st period - Shot by Roman Josi .
9:21 of 1st period - Shot Blocked by Gustav Forsling.
9:23 of 1st period - Shot by Jack Quinn.
9:23 of 1st period - Shot Blocked by Gustav Forsling.
9:25 of 1st period - Shot by Tony DeAngelo.
9:25 of 1st period - Shot Misses the Net.
9:27 of 1st period - Shot by Jack Quinn.
9:27 of 1st period - Shot Misses the Net.
9:29 of 1st period - Shot by Tony DeAngelo.
9:29 of 1st period - Stopped by Kaapo Kahkonen without a rebound.
9:30 of 1st period - Anthony Beauvillier wins face-off versus Ryan O'Reilly in ANAHEIM Ducks zone.
9:45 of 1st period - Elias Lindholm is hit by Arthur Kaliyev and loses puck.
11:02 of 1st period - Icing by Jordan Oesterle.
11:03 of 1st period - Jake Evans wins face-off versus Mackenzie Entwistle in ANAHEIM Ducks zone.
11:03 of 1st period - Mathias Laferriere is hit by Mackenzie Entwistle and loses puck.
11:20 of 1st period - Shot by Jake Evans.
11:20 of 1st period - Stopped by Juuse Saros without a rebound.
11:21 of 1st period - Elias Lindholm wins face-off versus Ryan O'Reilly in EDMONTON Oilers zone.
11:21 of 1st period - Kiefer Sherwood is hit by Roman Josi and loses puck.
11:44 of 1st period - Shot by Elias Lindholm.
11:44 of 1st period - Shot Misses the Net.
12:29 of 1st period - Shot by Nico Hischier.
12:29 of 1st period - Stopped by Kaapo Kahkonen without a rebound.
12:30 of 1st period - Yegor Sharangovich wins face-off versus Alexis Lafreniere in ANAHEIM Ducks zone.
12:30 of 1st period - Yegor Sharangovich is hit by David Savard.
12:36 of 1st period - Shot by Jack Quinn.
12:36 of 1st period - Stopped by Kaapo Kahkonen without a rebound.
12:37 of 1st period - Nico Hischier wins face-off versus Evan Rodrigues in ANAHEIM Ducks zone.
12:46 of 1st period - Shot by Gemel Smith.
12:46 of 1st period - Shot Blocked by Oliver Ekman-Larsson.
13:02 of 1st period - Shot by Gemel Smith.
13:02 of 1st period - Stopped by Juuse Saros with a rebound.
13:42 of 1st period - Roman Josi is hit by Jordan Oesterle and loses puck.
14:01 of 1st period - Shot by Anthony Beauvillier.
14:01 of 1st period - Stopped by Juuse Saros without a rebound.
14:02 of 1st period - Yegor Sharangovich wins face-off versus Mathias Laferriere in EDMONTON Oilers zone.
14:02 of 1st period - Yegor Sharangovich is hit by Jake Evans.
14:18 of 1st period - Shot by Justin Holl.
14:18 of 1st period - Deflect By Calvin Thurkauf.
14:18 of 1st period - Shot Blocked by Alexander Romanov.
14:27 of 1st period - Icing by Colton Parayko.
14:28 of 1st period - Yegor Sharangovich wins face-off versus Elias Lindholm in EDMONTON Oilers zone.
14:53 of 1st period - Shot by Elias Lindholm.
14:53 of 1st period - Shot Misses the Net.
14:59 of 1st period - Shot by Kiefer Sherwood.
14:59 of 1st period - Stopped by Juuse Saros without a rebound.
15:00 of 1st period - Dakota Joshua wins face-off versus Ryan O'Reilly in EDMONTON Oilers zone.
15:19 of 1st period - Shot by Ryan O'Reilly.
15:19 of 1st period - Shot Misses the Net.
15:39 of 1st period - Icing by Fabian Zetterlund.
15:40 of 1st period - Nico Hischier wins face-off versus Dakota Joshua in ANAHEIM Ducks zone.
15:44 of 1st period - Icing by Anthony Beauvillier.
15:45 of 1st period - Nico Hischier wins face-off versus Dakota Joshua in ANAHEIM Ducks zone.
16:00 of 1st period - Shot by Anthony Beauvillier.
16:00 of 1st period - Stopped by Juuse Saros without a rebound.
16:01 of 1st period - Elias Lindholm wins face-off versus Ryan O'Reilly in EDMONTON Oilers zone.
16:10 of 1st period - Shot by Kiefer Sherwood.
16:10 of 1st period - Shot Blocked by Roman Josi .
16:22 of 1st period - Shot by Elias Lindholm.
16:22 of 1st period - Stopped by Juuse Saros without a rebound.
16:23 of 1st period - Nico Hischier wins face-off versus Evan Rodrigues in EDMONTON Oilers zone.
16:23 of 1st period - Nico Hischier is hit by Alexis Lafreniere.
16:47 of 1st period - Shot by Clayton Keller.
16:47 of 1st period - Stopped by Kaapo Kahkonen without a rebound.
16:48 of 1st period - Elias Lindholm wins face-off versus Ryan O'Reilly in ANAHEIM Ducks zone.
16:48 of 1st period - Elias Lindholm is hit by Ryan O'Reilly.
16:51 of 1st period - Icing by Andrew Mangiapane.
16:52 of 1st period - Ryan O'Reilly wins face-off versus Elias Lindholm in ANAHEIM Ducks zone.
17:09 of 1st period - Shot by Nikolaj Ehlers.
17:09 of 1st period - Stopped by Kaapo Kahkonen without a rebound.
17:10 of 1st period - Nico Hischier wins face-off versus Evan Rodrigues in ANAHEIM Ducks zone.
17:33 of 1st period - Shot by Alexis Lafreniere.
17:33 of 1st period - Shot Blocked by Oliver Ekman-Larsson.
17:36 of 1st period - Gemel Smith is hit by Oliver Ekman-Larsson and loses puck.
17:56 of 1st period - Oliver Ekman-Larsson is hit by Evan Rodrigues and loses puck.
18:21 of 1st period - Shot by Elias Lindholm.
18:21 of 1st period - Stopped by Juuse Saros without a rebound.
18:22 of 1st period - Jake Evans wins face-off versus Yegor Sharangovich in EDMONTON Oilers zone.
18:52 of 1st period - Shot by Calvin Thurkauf.
18:52 of 1st period - Stopped by Juuse Saros without a rebound.
18:53 of 1st period - Ryan O'Reilly wins face-off versus Elias Lindholm in EDMONTON Oilers zone.
18:53 of 1st period - Tony DeAngelo is hit by Kiefer Sherwood and loses puck.
19:03 of 1st period - Icing by Elias Lindholm.
19:04 of 1st period - Casey Cizikas wins face-off versus Elias Lindholm in ANAHEIM Ducks zone.
19:24 of 1st period - Mackenzie Entwistle is hit by David Savard and loses puck.
19:35 of 1st period - Shot by Tony DeAngelo.
19:35 of 1st period - Stopped by Kaapo Kahkonen with a rebound.
19:37 of 1st period - Shot by Tony DeAngelo.
19:37 of 1st period - Goal by Tony DeAngelo - ANAHEIM Ducks : 0 - EDMONTON Oilers : 1.
19:38 of 1st period - Dakota Joshua wins face-off versus Ryan O'Reilly in neutral zone.
19:59 of 1st period - Shot by Dylan Strome.
19:59 of 1st period - Shot Misses the Net.
Goals for this period are 0 for ANAHEIM Ducks vs 1 for EDMONTON Oilers .
Shots for this period are 9 for ANAHEIM Ducks vs 14 for EDMONTON Oilers .

2nd period


0:01 of 2nd period - Nico Hischier wins face-off versus Evan Rodrigues in neutral zone.
0:01 of 2nd period - Roman Josi is hit by Gemel Smith and loses puck.
0:18 of 2nd period - Shot by Evan Rodrigues.
0:18 of 2nd period - Shot Misses the Net.
1:12 of 2nd period - Nikolaj Ehlers is hit by Kiefer Sherwood.
1:26 of 2nd period - Shot by Nikolaj Ehlers.
1:26 of 2nd period - Shot Blocked by Justin Holl.
1:47 of 2nd period - Off-side.
1:48 of 2nd period - Yegor Sharangovich wins face-off versus Dakota Joshua in neutral zone.
1:48 of 2nd period - Yegor Sharangovich is hit by Anthony Beauvillier.
1:58 of 2nd period - Shot by Anthony Beauvillier.
1:58 of 2nd period - Shot Misses the Net.
2:22 of 2nd period - Off-side.
2:23 of 2nd period - Jake Evans wins face-off versus Nico Hischier in neutral zone.
2:50 of 2nd period - Shot by Roman Josi .
2:50 of 2nd period - Stopped by Kaapo Kahkonen with a rebound.
2:52 of 2nd period - Shot by Mitch Marner.
2:52 of 2nd period - Shot Blocked by Gustav Forsling.
3:29 of 2nd period - Shot by Nikolaj Ehlers.
3:29 of 2nd period - Stopped by Kaapo Kahkonen without a rebound.
3:30 of 2nd period - Elias Lindholm wins face-off versus Yegor Sharangovich in ANAHEIM Ducks zone.
3:47 of 2nd period - Shot by Elias Lindholm.
3:47 of 2nd period - Stopped by Juuse Saros without a rebound.
3:48 of 2nd period - Ryan O'Reilly wins face-off versus Evan Rodrigues in EDMONTON Oilers zone.
4:17 of 2nd period - Shot by Nikolaj Ehlers.
4:17 of 2nd period - Stopped by Kaapo Kahkonen without a rebound.
4:18 of 2nd period - Nico Hischier wins face-off versus Elias Lindholm in ANAHEIM Ducks zone.
4:24 of 2nd period - Nico Hischier is hit by David Savard and loses puck.
4:34 of 2nd period - Clayton Keller is hit by David Savard and loses puck.
4:55 of 2nd period - Shot by Mitch Marner.
4:55 of 2nd period - Stopped by Kaapo Kahkonen without a rebound.
4:56 of 2nd period - Dakota Joshua wins face-off versus Ryan O'Reilly in ANAHEIM Ducks zone.
5:00 of 2nd period - Off-side.
5:01 of 2nd period - Ryan O'Reilly wins face-off versus Fabian Zetterlund in neutral zone.
5:04 of 2nd period - Anthony Beauvillier is hit by Oliver Ekman-Larsson.
5:05 of 2nd period - Icing by Anthony Beauvillier.
5:06 of 2nd period - Ryan O'Reilly wins face-off versus Fabian Zetterlund in ANAHEIM Ducks zone.
5:10 of 2nd period - Icing by Gustav Forsling.
5:11 of 2nd period - Dakota Joshua wins face-off versus Ryan O'Reilly in ANAHEIM Ducks zone.
5:22 of 2nd period - Icing by Gustav Forsling.
5:23 of 2nd period - Dakota Joshua wins face-off versus Nico Hischier in ANAHEIM Ducks zone.
5:25 of 2nd period - Icing by Anthony Beauvillier.
5:26 of 2nd period - Dakota Joshua wins face-off versus Ryan O'Reilly in ANAHEIM Ducks zone.
5:46 of 2nd period - Shot by Fabian Zetterlund.
5:46 of 2nd period - Stopped by Juuse Saros without a rebound.
5:47 of 2nd period - Nico Hischier wins face-off versus Elias Lindholm in EDMONTON Oilers zone.
6:40 of 2nd period - Off-side.
6:41 of 2nd period - Ryan O'Reilly wins face-off versus Evan Rodrigues in neutral zone.
7:49 of 2nd period - Dakota Joshua is hit by Arthur Kaliyev and loses puck.
8:06 of 2nd period - Shot by Gustav Forsling.
8:06 of 2nd period - Stopped by Juuse Saros with a rebound.
9:12 of 2nd period - Minor Penalty to David Savard for Holding.
9:13 of 2nd period - Ryan O'Reilly wins face-off versus Jake Evans in ANAHEIM Ducks zone.
9:16 of 2nd period - Shot by Nikolaj Ehlers.
9:16 of 2nd period - Stopped by Kaapo Kahkonen with a rebound.
9:27 of 2nd period - Nikolaj Ehlers is hit by Gemel Smith and loses puck.
9:36 of 2nd period - Shot by Nikolaj Ehlers.
9:36 of 2nd period - Shot Misses the Net.
9:44 of 2nd period - Shot by Tony DeAngelo.
9:44 of 2nd period - Stopped by Kaapo Kahkonen without a rebound.
9:45 of 2nd period - Clayton Keller wins face-off versus Gemel Smith in ANAHEIM Ducks zone.
9:57 of 2nd period - Icing by Rasmus Sandin.
9:58 of 2nd period - Mitch Marner wins face-off versus Jake Evans in EDMONTON Oilers zone.
10:19 of 2nd period - Shot by Rasmus Sandin.
10:19 of 2nd period - Stopped by Kaapo Kahkonen with a rebound.
10:55 of 2nd period - Shot by Ryan O'Reilly.
10:55 of 2nd period - Deflect By Nikolaj Ehlers.
10:55 of 2nd period - Stopped by Kaapo Kahkonen with a rebound.
10:57 of 2nd period - Shot by Ryan O'Reilly.
10:57 of 2nd period - Deflect By Nikolaj Ehlers.
10:57 of 2nd period - Shot Misses the Net.
10:59 of 2nd period - Shot by Ryan O'Reilly.
10:59 of 2nd period - Stopped by Kaapo Kahkonen without a rebound.
11:00 of 2nd period - Ryan O'Reilly wins face-off versus Gemel Smith in ANAHEIM Ducks zone.
11:17 of 2nd period - Shot by Andrew Mangiapane.
11:17 of 2nd period - Stopped by Juuse Saros without a rebound.
11:17 of 2nd period - Minor Penalty to Alexander Romanov for Tripping.
11:18 of 2nd period - Evan Rodrigues wins face-off versus Dylan Strome in EDMONTON Oilers zone.
11:18 of 2nd period - Andrew Mangiapane is hit by Tony DeAngelo and loses puck.
11:25 of 2nd period - Shot by Evan Rodrigues.
11:25 of 2nd period - Shot Misses the Net.
11:27 of 2nd period - Shot by Evan Rodrigues.
11:27 of 2nd period - Deflect By Andrew Mangiapane.
11:27 of 2nd period - Stopped by Juuse Saros without a rebound.
11:28 of 2nd period - Evan Rodrigues wins face-off versus Ryan O'Reilly in EDMONTON Oilers zone.
11:55 of 2nd period - Shot by Kiefer Sherwood.
11:55 of 2nd period - Stopped by Juuse Saros without a rebound.
11:56 of 2nd period - Dylan Strome wins face-off versus Anthony Beauvillier in EDMONTON Oilers zone.
12:02 of 2nd period - Icing by David Savard.
12:03 of 2nd period - Dylan Strome wins face-off versus Anthony Beauvillier in ANAHEIM Ducks zone.
12:18 of 2nd period - Shot by Alexis Lafreniere.
12:18 of 2nd period - Shot Misses the Net.
12:24 of 2nd period - Shot by Elias Lindholm.
12:24 of 2nd period - Stopped by Juuse Saros without a rebound.
12:25 of 2nd period - Evan Rodrigues wins face-off versus Dylan Strome in EDMONTON Oilers zone.
12:26 of 2nd period - Shot by Gustav Forsling.
12:26 of 2nd period - Shot Blocked by Roman Josi .
12:28 of 2nd period - Shot by Justin Holl.
12:28 of 2nd period - Shot Blocked by Tony DeAngelo.
13:28 of 2nd period - Nico Hischier is hit by Mathias Laferriere.
13:29 of 2nd period - Minor Penalty to Jake Evans for Slashing.
13:30 of 2nd period - Nico Hischier wins face-off versus Gemel Smith in ANAHEIM Ducks zone.
13:31 of 2nd period - Shot by Roman Josi .
13:31 of 2nd period - Stopped by Kaapo Kahkonen without a rebound.
13:32 of 2nd period - Gemel Smith wins face-off versus Nico Hischier in ANAHEIM Ducks zone.
14:04 of 2nd period - Icing by Nico Hischier.
14:05 of 2nd period - Nico Hischier wins face-off versus Anthony Beauvillier in EDMONTON Oilers zone.
14:05 of 2nd period - Nico Hischier is hit by Anthony Beauvillier.
14:13 of 2nd period - Shot by Roman Josi .
14:13 of 2nd period - Shot Misses the Net.
14:15 of 2nd period - Shot by Mitch Marner.
14:15 of 2nd period - Stopped by Kaapo Kahkonen without a rebound.
14:16 of 2nd period - Gemel Smith wins face-off versus Ryan O'Reilly in ANAHEIM Ducks zone.
14:44 of 2nd period - Icing by Nikolaj Ehlers.
14:45 of 2nd period - Gemel Smith wins face-off versus Ryan O'Reilly in EDMONTON Oilers zone.
14:58 of 2nd period - Shot by Ryan O'Reilly.
14:58 of 2nd period - Shot Misses the Net.
15:00 of 2nd period - Shot by Dylan Strome.
15:00 of 2nd period - Shot Misses the Net.
15:02 of 2nd period - Shot by Oliver Ekman-Larsson.
15:02 of 2nd period - Stopped by Kaapo Kahkonen without a rebound.
15:03 of 2nd period - Gemel Smith wins face-off versus Nico Hischier in ANAHEIM Ducks zone.
15:11 of 2nd period - Icing by Tony DeAngelo.
15:12 of 2nd period - Anthony Beauvillier wins face-off versus Nico Hischier in EDMONTON Oilers zone.
15:21 of 2nd period - Shot by Clayton Keller.
15:21 of 2nd period - Deflect By Mitch Marner.
15:21 of 2nd period - Shot Blocked by Justin Holl.
15:23 of 2nd period - Shot by Mitch Marner.
15:23 of 2nd period - Shot Misses the Net.
15:25 of 2nd period - Shot by Clayton Keller.
15:25 of 2nd period - Shot Misses the Net.
15:32 of 2nd period - Jack Quinn is hit by David Savard and loses puck.
15:48 of 2nd period - Off-side.
15:49 of 2nd period - Ryan O'Reilly wins face-off versus Jake Evans in neutral zone.
16:29 of 2nd period - Shot by Nikolaj Ehlers.
16:29 of 2nd period - Shot Misses the Net.
16:36 of 2nd period - Calvin Thurkauf is hit by Tony DeAngelo and loses puck.
17:01 of 2nd period - Shot by Kiefer Sherwood.
17:01 of 2nd period - Shot Misses the Net.
17:04 of 2nd period - Icing by Oliver Ekman-Larsson.
17:05 of 2nd period - Nico Hischier wins face-off versus Evan Rodrigues in EDMONTON Oilers zone.
17:05 of 2nd period - Nico Hischier is hit by Evan Rodrigues.
17:08 of 2nd period - Oliver Ekman-Larsson is hit by Gemel Smith and loses puck.
17:16 of 2nd period - Minor Penalty to Jordan Oesterle for Tripping.
17:17 of 2nd period - Nico Hischier wins face-off versus Gemel Smith in ANAHEIM Ducks zone.
17:17 of 2nd period - Mitch Marner is hit by David Savard and loses puck.
17:28 of 2nd period - Shot by Oliver Ekman-Larsson.
17:28 of 2nd period - Stopped by Kaapo Kahkonen without a rebound.
17:28 of 2nd period - Major / Game Misconduct Penalty to Kaapo Kahkonen for Attempt to injure.
17:28 of 2nd period - Kaapo Kahkonen is ejected from game.
17:28 of 2nd period - Robin Lehner enters game.
17:29 of 2nd period - Dakota Joshua wins face-off versus Nico Hischier in ANAHEIM Ducks zone.
17:38 of 2nd period - Shot by Roman Josi .
17:38 of 2nd period - Shot Misses the Net.
17:40 of 2nd period - Shot by Mitch Marner.
17:40 of 2nd period - Shot Misses the Net.
17:42 of 2nd period - Shot by Nico Hischier.
17:42 of 2nd period - Shot Blocked by Dylan Demelo.
18:52 of 2nd period - Icing by Oliver Ekman-Larsson.
18:53 of 2nd period - Ryan O'Reilly wins face-off versus Calvin Thurkauf in EDMONTON Oilers zone.
18:53 of 2nd period - Ryan O'Reilly is hit by Calvin Thurkauf.
19:31 of 2nd period - Shot by Nico Hischier.
19:31 of 2nd period - Shot Blocked by Justin Holl.
19:42 of 2nd period - Shot by Roman Josi .
19:42 of 2nd period - Stopped by Robin Lehner without a rebound.
19:43 of 2nd period - Ryan O'Reilly wins face-off versus Jake Evans in ANAHEIM Ducks zone.
Goals for this period are 0 for ANAHEIM Ducks vs 0 for EDMONTON Oilers .
Shots for this period are 7 for ANAHEIM Ducks vs 14 for EDMONTON Oilers .

3rd period


0:01 of 3rd period - Ryan O'Reilly wins face-off versus Jake Evans in neutral zone.
0:09 of 3rd period - Dylan Strome is hit by Gustav Forsling and loses puck.
0:39 of 3rd period - Shot by Nikolaj Ehlers.
0:39 of 3rd period - Stopped by Robin Lehner without a rebound.
0:40 of 3rd period - Dakota Joshua wins face-off versus Nico Hischier in ANAHEIM Ducks zone.
0:59 of 3rd period - Oliver Ekman-Larsson is hit by David Savard and loses puck.
1:27 of 3rd period - Clayton Keller is hit by David Savard and loses puck.
1:42 of 3rd period - Shot by Nikolaj Ehlers.
1:42 of 3rd period - Shot Misses the Net.
1:44 of 3rd period - Shot by Roman Josi .
1:44 of 3rd period - Goal by Roman Josi - ANAHEIM Ducks : 0 - EDMONTON Oilers : 2.
1:45 of 3rd period - Ryan O'Reilly wins face-off versus Dakota Joshua in neutral zone.
1:52 of 3rd period - Shot by Roman Josi .
1:52 of 3rd period - Stopped by Robin Lehner with a rebound.
1:54 of 3rd period - Shot by Roman Josi .
1:54 of 3rd period - Shot Blocked by Justin Holl.
2:06 of 3rd period - Shot by Roman Josi .
2:06 of 3rd period - Shot Hit the Post.
2:08 of 3rd period - Shot by Tony DeAngelo.
2:08 of 3rd period - Deflect By Ryan O'Reilly.
2:08 of 3rd period - Shot Misses the Net.
2:10 of 3rd period - Shot by Nikolaj Ehlers.
2:10 of 3rd period - Shot Misses the Net.
2:12 of 3rd period - Shot by Ryan O'Reilly.
2:12 of 3rd period - Shot Misses the Net.
2:14 of 3rd period - Shot by Tony DeAngelo.
2:14 of 3rd period - Stopped by Robin Lehner without a rebound.
2:15 of 3rd period - Nico Hischier wins face-off versus Dakota Joshua in ANAHEIM Ducks zone.
2:22 of 3rd period - Shot by Rasmus Sandin.
2:22 of 3rd period - Stopped by Robin Lehner without a rebound.
2:23 of 3rd period - Nico Hischier wins face-off versus Dakota Joshua in ANAHEIM Ducks zone.
2:24 of 3rd period - Shot by Tony DeAngelo.
2:24 of 3rd period - Shot Misses the Net.
2:40 of 3rd period - Shot by Yegor Sharangovich.
2:40 of 3rd period - Stopped by Robin Lehner with a rebound.
2:42 of 3rd period - Shot by Yegor Sharangovich.
2:42 of 3rd period - Deflect By Jack Quinn.
2:42 of 3rd period - Stopped by Robin Lehner with a rebound.
2:44 of 3rd period - Shot by Alexander Romanov.
2:44 of 3rd period - Shot Misses the Net.
2:46 of 3rd period - Shot by Colton Parayko.
2:46 of 3rd period - Shot Misses the Net.
2:48 of 3rd period - Shot by Arthur Kaliyev.
2:48 of 3rd period - Shot Misses the Net.
2:50 of 3rd period - Shot by Yegor Sharangovich.
2:50 of 3rd period - Shot Misses the Net.
2:56 of 3rd period - Shot by Jack Quinn.
2:56 of 3rd period - Stopped by Robin Lehner without a rebound.
2:57 of 3rd period - Elias Lindholm wins face-off versus Ryan O'Reilly in ANAHEIM Ducks zone.
3:03 of 3rd period - Icing by Elias Lindholm.
3:04 of 3rd period - Ryan O'Reilly wins face-off versus Elias Lindholm in ANAHEIM Ducks zone.
3:08 of 3rd period - Icing by David Savard.
3:09 of 3rd period - Elias Lindholm wins face-off versus Nico Hischier in ANAHEIM Ducks zone.
3:46 of 3rd period - Shot by Clayton Keller.
3:46 of 3rd period - Stopped by Robin Lehner without a rebound.
3:47 of 3rd period - Evan Rodrigues wins face-off versus Ryan O'Reilly in ANAHEIM Ducks zone.
3:47 of 3rd period - Evan Rodrigues is hit by Nikolaj Ehlers.
4:15 of 3rd period - Shot by Alexis Lafreniere.
4:15 of 3rd period - Stopped by Juuse Saros without a rebound.
4:16 of 3rd period - Yegor Sharangovich wins face-off versus Dakota Joshua in EDMONTON Oilers zone.
4:20 of 3rd period - Minor Penalty to Alexander Romanov for Tripping.
4:21 of 3rd period - Dylan Strome wins face-off versus Anthony Beauvillier in EDMONTON Oilers zone.
4:21 of 3rd period - Dylan Strome is hit by Anthony Beauvillier.
4:33 of 3rd period - Shot by David Savard.
4:33 of 3rd period - Stopped by Juuse Saros without a rebound.
4:34 of 3rd period - Dylan Strome wins face-off versus Evan Rodrigues in EDMONTON Oilers zone.
4:34 of 3rd period - Dylan Strome is hit by Andrew Mangiapane.
4:44 of 3rd period - Shot by Kiefer Sherwood.
4:44 of 3rd period - Stopped by Juuse Saros without a rebound.
4:45 of 3rd period - Anthony Beauvillier wins face-off versus Dylan Strome in EDMONTON Oilers zone.
4:46 of 3rd period - Shot by David Savard.
4:46 of 3rd period - Stopped by Juuse Saros without a rebound.
4:47 of 3rd period - Anthony Beauvillier wins face-off versus Dylan Strome in EDMONTON Oilers zone.
4:48 of 3rd period - Shot by Elias Lindholm.
4:48 of 3rd period - Shot Misses the Net.
4:50 of 3rd period - Shot by Caleb Jones.
4:50 of 3rd period - Shot Misses the Net.
5:24 of 3rd period - Shot by Alexis Lafreniere.
5:24 of 3rd period - Shot Blocked by Roman Josi .
5:44 of 3rd period - Gustav Forsling is hit by Jack Quinn and loses puck.
6:35 of 3rd period - Shot by Jake Evans.
6:35 of 3rd period - Shot Blocked by Oliver Ekman-Larsson.
7:23 of 3rd period - Shot by Dakota Joshua.
7:23 of 3rd period - Stopped by Juuse Saros without a rebound.
7:24 of 3rd period - Evan Rodrigues wins face-off versus Casey Cizikas in EDMONTON Oilers zone.
7:35 of 3rd period - Shot by Gemel Smith.
7:35 of 3rd period - Stopped by Juuse Saros without a rebound.
7:36 of 3rd period - Elias Lindholm wins face-off versus Ryan O'Reilly in EDMONTON Oilers zone.
7:51 of 3rd period - Shot by Ryan O'Reilly.
7:51 of 3rd period - Shot Blocked by Andrew Mangiapane.
8:11 of 3rd period - Shot by Ryan O'Reilly.
8:11 of 3rd period - Shot Misses the Net.
9:36 of 3rd period - Shot by Nico Hischier.
9:36 of 3rd period - Stopped by Robin Lehner without a rebound.
9:37 of 3rd period - Dakota Joshua wins face-off versus Yegor Sharangovich in ANAHEIM Ducks zone.
9:37 of 3rd period - Dakota Joshua is hit by Jack Quinn.
9:40 of 3rd period - Dylan Demelo is hit by Arthur Kaliyev.
10:08 of 3rd period - Dylan Demelo is hit by Arthur Kaliyev and loses puck.
10:15 of 3rd period - Shot by Jack Quinn.
10:15 of 3rd period - Shot Misses the Net.
10:31 of 3rd period - Oliver Ekman-Larsson is hit by Kiefer Sherwood and loses puck.
10:32 of 3rd period - Minor Penalty to Kiefer Sherwood for Roughing.
10:33 of 3rd period - Jake Evans wins face-off versus Nico Hischier in ANAHEIM Ducks zone.
11:44 of 3rd period - Icing by Nikolaj Ehlers.
11:45 of 3rd period - Ryan O'Reilly wins face-off versus Jake Evans in EDMONTON Oilers zone.
12:46 of 3rd period - Icing by Alexander Romanov.
12:47 of 3rd period - Arthur Kaliyev wins face-off versus Elias Lindholm in EDMONTON Oilers zone.
13:46 of 3rd period - Shot by Mitch Marner.
13:46 of 3rd period - Deflect By Clayton Keller.
13:46 of 3rd period - Goal by Clayton Keller - ANAHEIM Ducks : 0 - EDMONTON Oilers : 3.
13:47 of 3rd period - Ryan O'Reilly wins face-off versus Dakota Joshua in neutral zone.
13:54 of 3rd period - Shot by Nikolaj Ehlers.
13:54 of 3rd period - Stopped by Robin Lehner with a rebound.
14:21 of 3rd period - Nikolaj Ehlers is hit by Jordan Oesterle and loses puck.
14:25 of 3rd period - Icing by Dylan Demelo.
14:26 of 3rd period - Nico Hischier wins face-off versus Dakota Joshua in ANAHEIM Ducks zone.
14:26 of 3rd period - Nico Hischier is hit by Dylan Demelo.
14:47 of 3rd period - Icing by Tony DeAngelo.
14:48 of 3rd period - Evan Rodrigues wins face-off versus Nico Hischier in EDMONTON Oilers zone.
14:53 of 3rd period - Shot by Evan Rodrigues.
14:53 of 3rd period - Shot Blocked by Nico Hischier.
16:09 of 3rd period - Off-side.
16:10 of 3rd period - Dakota Joshua wins face-off versus Yegor Sharangovich in neutral zone.
16:10 of 3rd period - Dakota Joshua is hit by Arthur Kaliyev.
16:16 of 3rd period - Colton Parayko is hit by Dakota Joshua and loses puck.
16:37 of 3rd period - Shot by Jack Quinn.
16:37 of 3rd period - Shot Misses the Net.
17:00 of 3rd period - Icing by Colton Parayko.
17:01 of 3rd period - Yegor Sharangovich wins face-off versus Andrew Mangiapane in EDMONTON Oilers zone.
17:18 of 3rd period - Shot by Elias Lindholm.
17:18 of 3rd period - Stopped by Juuse Saros without a rebound.
17:19 of 3rd period - Ryan O'Reilly wins face-off versus Evan Rodrigues in EDMONTON Oilers zone.
17:39 of 3rd period - Icing by Ryan O'Reilly.
17:40 of 3rd period - Elias Lindholm wins face-off versus Ryan O'Reilly in EDMONTON Oilers zone.
18:04 of 3rd period - Shot by Elias Lindholm.
18:04 of 3rd period - Deflect By Andrew Mangiapane.
18:04 of 3rd period - Stopped by Juuse Saros without a rebound.
18:05 of 3rd period - Nico Hischier wins face-off versus Evan Rodrigues in EDMONTON Oilers zone.
18:10 of 3rd period - Shot by Nico Hischier.
18:10 of 3rd period - Shot Misses the Net.
Goals for this period are 0 for ANAHEIM Ducks vs 2 for EDMONTON Oilers .
Shots for this period are 8 for ANAHEIM Ducks vs 12 for EDMONTON Oilers .